 Dungeon Crawl Stone Soup version 0.19.5 (webtiles) character file.

47467 Jeka24pyc the Basher (level 14, -2/90 HPs)
             Began as a Gargoyle Fighter on May 1, 2017.
             Was the Champion of Okawaru.
             Killed from afar by an ice statue (31 damage)
             ... with a bolt of cold
             ... on level 9 of the Dungeon.
             The game lasted 00:58:41 (17967 turns).

Jeka24pyc the Basher (Gargoyle Fighter)            Turns: 17967, Time: 00:58:41

Health: -2/90      AC: 33    Str: 23    XL:     14   Next: 42%
Magic:  17/18      EV: 11    Int: 10    God:    Okawaru [******]
Gold:   966        SH: 13    Dex: 10    Spells: 0 memorised, 13 levels left

rFire  + + +     SeeInvis .     P - +2 demon whip "Laraan" {protect, rF+ rN+ MR++}
rCold  . . .     Gourm    +     Q - +3 chain mail {rF+}
rNeg   + + +     Faith    .     c - +1 shield
rPois  ∞         Spirit   .     o - +0 helmet
rElec  +         Reflect  .     N - +0 cloak
rCorr  .         Harm     .     B - +0 pair of gloves
MR     +++..     Rnd*Rage +     F - +0 pair of boots {Stlth+}
Stlth  ..........               u - amulet of the gourmand
                                y - ring of positive energy
                                H - ring of protection from fire

@: protection aura, flying
A: big wings, talons 1, berserk 1, deformed body, negative energy resistance 1,
screaming 2, electricity resistance, unbreathing, petrification resistance, rot
immunity, subdued magic 2, AC +9
a: Stop Flying, Heroism, Finesse, Renounce Religion


You were on level 9 of the Dungeon.
You worshipped Okawaru.
Okawaru was exalted by your worship.
You were very full.

You visited 2 branches of the dungeon, and saw 16 of its levels.

You collected 1280 gold pieces.
You spent 314 gold pieces at shops.

Inventory:

Hand Weapons
 b - the +6 mace "Goejasufra" {crush, rF++}
   (Okawaru gifted it to you on level 12 of the Dungeon)

   It inflicts extra damage upon your enemies.
   It greatly protects you from fire.
 P - the +2 demon whip "Laraan" (weapon) {protect, rF+ rN+ MR++}
   (Okawaru gifted it to you on level 11 of the Dungeon)

   It protects the one who uses it against injury (+AC on strike).
   It protects you from fire.
   It protects you from negative energy.
   It affects your resistance to hostile enchantments.
Armour
 c - a +1 shield (worn)
 o - a +0 helmet (worn)
 B - a +0 pair of gloves (worn)
 F - a +0 pair of boots of stealth (worn)
 N - a +0 cloak (worn)
 Q - a +3 chain mail of fire resistance (worn)
Jewellery
 u - an amulet of the gourmand (around neck)
 y - a ring of positive energy (right hand)
 H - a ring of protection from fire (left hand)
 T - an uncursed ring of fire
Wands
 h - a wand of hasting (2/9)
 n - a wand of lightning (3/15)
 p - a wand of polymorph (6/24)
 t - a wand of confusion (13/48)
 z - a wand of lightning (10/15)
 C - a wand of disintegration (9/24)
 E - a wand of flame (20/48)
 L - a wand of confusion (15/48)
 M - a wand of lightning (0/15)
Scrolls
 g - 7 scrolls of remove curse
 j - a scroll of fog
 k - 3 scrolls of enchant armour
 q - 8 scrolls of identify
 s - 3 scrolls of blinking
 A - 4 scrolls of teleportation
 O - a scroll of amnesia
 R - 2 scrolls of magic mapping
Potions
 a - 2 potions of lignification
 d - 4 potions of might
 e - 6 potions of curing
 i - a potion of agility
 r - 3 potions of ambrosia
 w - a potion of magic
 J - a potion of heal wounds
 K - a potion of beneficial mutation
Comestibles
 f - 8 bread rations
 l - 4 beef jerkies
 m - 13 fruits
 D - 8 slices of pizza
 G - a royal jelly
 I - 8 meat rations


   Skills:
 + Level 11.1 Fighting
 * Level 14.2 Maces & Flails
 + Level 11.0 Armour
 + Level 7.7 Dodging
 + Level 11.4 Shields
 + Level 2.6 Unarmed Combat
 - Level 6.0 Invocations


You had 13 spell levels left.
You didn't know any spells.

Dungeon Overview and Level Annotations

Branches:
Dungeon (15/15)            Temple (1/1) D:7            Lair (0/6) D:8
    Orc (0/2) D:12         Vaults (0/5) D:13         Depths (0/5) D:15

Altars:
Ashenzari
Cheibriados
Dithmenos
Elyvilon
Fedhas
Gozag
Hepliaklqana
Kikubaaqudgha
Makhleb
Nemelex Xobeh
Okawaru
Ru
Sif Muna
Trog
Vehumet
Xom
Zin
The Shining One
Beogh

Shops:
D:9 *   D:10 [   D:11 (}!}

Portals:
Trove: D:14 (give 4 potions of cure mutation)

Annotations:
D:9 exclusion: ice statue


Innate Abilities, Weirdness & Mutations

You are resistant to torment.
Your stone body is resilient. (AC +9)
You are immune to poison.
Your large and strong wings let you fly indefinitely.
You resist negative energy. (rN+)
You are resistant to electric shocks. (rElec)
You can survive without breathing.
You are immune to petrification.
You are immune to rotting.
You have sharp toenails.
You tend to lose your temper in combat.
Armour fits poorly on your strangely shaped body.
You sometimes yell uncontrollably at your foes.
Your spells are easier to cast, but less powerful.


Message History

The ice statue is severely damaged.
You block the ice beast's attack. The ice beast barely misses you.
You hit the ice statue but do no damage.
The ice statue is severely damaged.
The ice statue gestures at you. The freezing blast hits you!
You hit the ice statue but do no damage.
The ice statue is severely damaged.
You block the ice beast's attack. x2
You hit the ice statue.
The ice statue is severely damaged.
You hit the ice statue.
The ice statue is almost destroyed.
The ice beast hits you. The ice beast freezes you!
The ice beast completely misses you.
Your shield and chain mail prevent you from hitting the ice statue.
The ice statue is almost destroyed.
The ice statue gestures at you. The bolt of cold hits you!
You die...

.# .. #.......## .# .#
..≈≈≈≈≈..##...# .#
.###≈≈≈≈≈≈≈###.#.# )###
..##≈≈...≈≈##..#.# ...#
##..≈≈≈.....≈≈≈..#.##
...#####..≈≈≈.##.##.≈≈≈....#
.........#≈≈..#?$(#..≈≈#...#
........##≈≈...?8$...≈≈##..#
.#.......#≈≈..#Y@Y#..≈≈#..##
.#######..≈≈≈.##.##.≈≈≈..##
.# ##..≈≈≈.....≈≈≈..## .#
#..##≈≈...≈≈##..# .#
#.###≈≈≈≈≈≈≈###.# .#
#.##..≈≈≈≈≈..##.# ##
#......###......#
######..#!.######
###...#####


You could see an ice statue and 2 ice beasts.

Vanquished Creatures
  Rupert (D:13)
  Snorg (D:10)
  2 fire dragons (D:15)
  Erolcha (D:10)
  Harold (D:11)
  A hydra (D:9)
  7 centaur warriors
  A death knight (D:11)
  Urug (D:13)
  Nergalle (D:10)
  2 unseen horrors
  7 hill giants
  An orc knight (D:13)
  A phantasmal warrior (D:11)
  A deep elf mage (D:15)
  A cyclops (D:12)
  4 ugly things (D:14)
  3 centaur zombies
  A manticore (D:14)
  Joseph (D:8)
  A gargoyle (D:10)
  Maurice (D:8)
  2 centaur skeletons
  4 yaktaurs (D:15)
  An efreet (D:15)
  A komodo dragon (D:12)
  A kobold demonologist (D:15)
  2 tengu conjurers (D:15)
  A queen bee (shapeshifter) (D:14)
  7 ice devils (D:9)
  4 trolls
  A hornet (D:13)
  A snapping turtle (shapeshifter) (D:13)
  13 slime creatures
  3 hippogriffs
  2 dream sheep (D:9)
  A wyvern (D:12)
  2 vampires (D:14)
  7 spriggans (D:8)
  4 wraiths
  2 yaks (D:9)
  A basilisk (D:14)
  16 humans (D:13)
  Grum (D:8)
  7 vampire mosquitoes
  3 ice beasts
  14 orc warriors
  5 sky beasts
  A necrophage (D:9)
  10 ogres
  3 phantoms
  2 wolves (D:8)
  13 centaurs
  An eye of draining (D:15)
  5 big kobolds
  Blork the orc (D:4)
  9 bullfrogs
  A hornet simulacrum (D:14)
  2 wyvern skeletons
  2 scorpions
  15 killer bees
  6 wights
  4 howler monkeys
  7 crimson imps
  2 bullfrog zombies
  5 jellies
  13 orc priests
  A gnoll shaman (D:6)
  24 orc wizards
  6 hounds
  A bullfrog skeleton (D:6)
  2 iguanas
  14 worker ants
  A hound zombie (D:10)
  A howler monkey zombie (D:10)
  7 gnolls
  12 adders
  4 shadow imps
  5 ufetubi (D:9)
  3 adder zombies
  A worm (D:3)
  5 dart slugs
  9 leopard geckos
  91 orcs
  A ball python (D:3)
  5 bats
  9 giant cockroaches
  7 goblins
  11 hobgoblins
  11 jackals
  12 kobolds
  A quokka (D:10)
  5 frilled lizards
  A leopard gecko skeleton (D:8)
  A quokka zombie (D:8)
  9 rats
509 creatures vanquished.

Vanquished Creatures (others)
  A plant (D:9)
1 creature vanquished.

Grand Total: 510 creatures vanquished

Notes
Turn   | Place    | Note
-------+----------+-------------------------------------------
     0 | D:1      | Jeka24pyc the Gargoyle Fighter began the quest for the Orb.
     0 | D:1      | Reached XP level 1. HP: 14/14 MP: 1/1
   273 | D:1      | Reached XP level 2. HP: 19/19 MP: 2/2
   441 | D:1      | Reached skill level 3 in Maces & Flails
   718 | D:1      | Reached XP level 3. HP: 20/23 MP: 3/3
  1180 | D:2      | Reached skill level 4 in Maces & Flails
  1199 | D:2      | Reached XP level 4. HP: 27/28 MP: 4/4
  1820 | D:3      | Reached skill level 5 in Maces & Flails
  1820 | D:3      | Reached XP level 5. HP: 16/32 MP: 5/5
  2604 | D:3      | You fall through a shaft for 3 floors!
  2616 | D:5      | Entered Level 5 of the Dungeon
  2814 | D:5      | Noticed a centaur
  2820 | D:5      | Killed a centaur
  2820 | D:5      | Reached XP level 6. HP: 16/37 MP: 6/6
  3031 | D:5      | Reached skill level 6 in Maces & Flails
  3291 | D:5      | Noticed a sky beast
  3300 | D:5      | Killed a sky beast
  3300 | D:5      | Reached XP level 7. HP: 43/43 MP: 7/7
  3664 | D:5      | HP: 2/44 [orc priest/divine providence (15)]
  3672 | D:4      | HP: 2/44 [worker ant (1)]
  4053 | D:4      | HP: 1/44 [ogre/giant club (12)]
  4055 | D:4      | Reached skill level 7 in Maces & Flails
  4055 | D:4      | Reached XP level 8. HP: 2/48 MP: 8/8
  4507 | D:4      | Reached skill level 5 in Shields
  4707 | D:4      | Reached skill level 5 in Fighting
  4707 | D:4      | Reached skill level 5 in Armour
  4707 | D:4      | Reached skill level 1 in Dodging
  4823 | D:4      | Noticed Blork the orc
  4829 | D:4      | Killed Blork the orc
  5542 | D:5      | Reached skill level 8 in Maces & Flails
  5993 | D:5      | Reached XP level 9. HP: 53/55 MP: 9/9
  7164 | D:7      | Found a staircase to the Ecumenical Temple.
  7195 | Temple   | Entered the Ecumenical Temple
  7257 | Temple   | Became a worshipper of Warmaster Okawaru
  7304 | D:7      | Reached skill level 9 in Maces & Flails
  7722 | D:7      | Reached * piety under Okawaru
  8131 | D:7      | Reached XP level 10. HP: 52/61 MP: 10/10
  8388 | D:8      | Reached skill level 1 in Invocations
  8616 | D:8      | Reached ** piety under Okawaru
  8683 | D:8      | Reached skill level 10 in Maces & Flails
  8812 | D:8      | Noticed Maurice
  8821 | D:8      | Noticed Joseph
  8856 | D:8      | Killed Joseph
  8875 | D:8      | Killed Maurice
  8878 | D:8      | Noticed Grum
  8901 | D:8      | Reached *** piety under Okawaru
  8939 | D:8      | Killed Grum
  9287 | D:8      | Found a staircase to the Lair.
  9594 | D:9      | Reached XP level 11. HP: 63/67 MP: 13/13
 10014 | D:9      | Found Lopury's General Store.
 10528 | D:9      | Noticed a two-headed hydra
 10538 | D:9      | Killed a two-headed hydra
 10538 | D:9      | Reached **** piety under Okawaru
 10817 | D:10     | Entered Level 10 of the Dungeon
 10981 | D:10     | Noticed Snorg
 10999 | D:10     | Killed Snorg
 10999 | D:10     | Reached skill level 11 in Maces & Flails
 11199 | D:10     | Noticed Erolcha
 11232 | D:10     | Killed Erolcha
 11232 | D:10     | Reached skill level 5 in Invocations
 11292 | D:10     | Noticed Nergalle
 11324 | D:10     | Killed Nergalle
 11324 | D:10     | Reached ***** piety under Okawaru
 11350 | D:10     | Found Baefid's Armour Shop.
 11356 | D:10     | Bought a +0 pair of boots of stealth for 138 gold pieces
 11416 | D:10     | Found a sparkling altar of Nemelex Xobeh.
 11504 | D:10     | Noticed a hill giant
 11521 | D:10     | Killed a hill giant
 11521 | D:10     | Reached skill level 5 in Dodging
 12003 | D:11     | Found Geneczocs's Gadget Emporium.
 12037 | D:11     | Noticed a hill giant
 12045 | D:11     | Killed a hill giant
 12156 | D:11     | Noticed a death knight
 12160 | D:11     | Noticed a phantasmal warrior
 12163 | D:11     | Reached XP level 12. HP: 51/75 MP: 8/16
 12194 | D:11     | Received a gift from Okawaru
 12197 | D:11     | Got a brightly glowing demon whip {god gift}
 12198 | D:11     | Identified the +2 demon whip "Laraan" {protect, rF+ rN+ MR++} (Okawaru gifted it to you on level 11 of the Dungeon)
 12215 | D:11     | Killed a death knight
 12243 | D:11     | Found Makhloud's Distillery.
 12286 | D:11     | Bought a potion of heal wounds for 80 gold pieces
 12286 | D:11     | Bought a potion of curing for 48 gold pieces
 12286 | D:11     | Bought a potion of curing for 48 gold pieces
 12512 | D:11     | Found Hamoa's Gadget Shop.
 12587 | D:11     | Found a roughly hewn altar of Beogh.
 12872 | D:11     | Found Seuhaoqo's Antique Weapon Emporium.
 12893 | D:11     | Noticed Harold
 12916 | D:11     | Killed Harold
 13098 | D:12     | Reached skill level 12 in Maces & Flails
 13435 | D:12     | Found a staircase to the Orcish Mines.
 13855 | D:12     | Received a gift from Okawaru
 13858 | D:12     | Got an encrusted mace {god gift}
 13859 | D:12     | Identified the +6 mace "Goejasufra" {crush, rF++} (Okawaru gifted it to you on level 12 of the Dungeon)
 14370 | D:13     | Noticed Urug
 14405 | D:13     | Killed Urug
 14409 | D:13     | Gained mutation: You tend to lose your temper in combat. [mutagenic meat]
 14410 | D:13     | Gained mutation: You are frail. (-10% HP) [mutagenic meat]
 14411 | D:13     | Gained mutation: Your spells are a little easier to cast, but a little less powerful. [mutagenic meat]
 14412 | D:13     | Gained mutation: Scrolls take you a little longer to read. [mutagenic meat]
 14745 | D:13     | Noticed Rupert
 14745 | D:13     | Noticed a centaur warrior
 14760 | D:13     | Reached skill level 10 in Shields
 14781 | D:13     | Noticed a centaur warrior
 14802 | D:13     | Killed Rupert
 14802 | D:13     | Received a gift from Okawaru
 14802 | D:13     | Reached XP level 13. HP: 36/72 MP: 15/17
 14847 | D:13     | Reached skill level 10 in Armour
 14862 | D:13     | Reached skill level 13 in Maces & Flails
 14964 | D:13     | Reached skill level 10 in Fighting
 15227 | D:13     | Found a gate to the Vaults.
 15591 | D:14     | Received a gift from Okawaru
 15666 | D:14     | Noticed an ettin
 15806 | D:14     | Found a portal to a secret trove of treasure.
 15970 | D:14     | Lost mutation: Scrolls take you a little longer to read. [mutagenic meat]
 15971 | D:14     | Gained mutation: You occasionally shout uncontrollably at your foes. [mutagenic meat]
 15972 | D:14     | Lost mutation: You are frail. (-10% HP) [mutagenic meat]
 15973 | D:14     | Gained mutation: You have sharp toenails. [mutagenic meat]
 15974 | D:14     | Gained mutation: Armour fits poorly on your strangely shaped body. [mutagenic meat]
 15975 | D:14     | Gained mutation: Your spells are easier to cast, but less powerful. [mutagenic meat]
 15976 | D:14     | Gained mutation: You sometimes yell uncontrollably at your foes. [mutagenic meat]
 16039 | D:14     | Found a white marble altar of Elyvilon.
 16293 | D:15     | Entered Level 15 of the Dungeon
 16598 | D:15     | Reached ****** piety under Okawaru
 16598 | D:15     | Gained mutation: Your large and strong wings let you fly indefinitely. [Gargoyle growth]
 16598 | D:15     | Reached XP level 14. HP: 52/88 MP: 15/18
 16648 | D:15     | Received a gift from Okawaru
 16670 | D:15     | Found a staircase to the Depths.
 16685 | D:15     | Reached skill level 1 in Unarmed Combat
 16701 | D:15     | Reached skill level 14 in Maces & Flails
 17967 | D:9      | Killed from afar by an ice statue

Skill      XL: |  1  2  3  4  5  6  7  8  9 10 11 12 13 14 |
---------------+-------------------------------------------+-----
Maces & Flails | 3 4 5 6 7 8 9 10 11 12 13 14 | 14.2
Armour         | 4 5 6 7 8 9 10 11 | 11.0
Shields        | 4 5 7 8 9 10 11 | 11.4
Fighting       | 4 5 6 7 8 9 10 11 | 11.1
Dodging        | 1 3 4 5 6 7 |  7.7
Invocations    | 3 5 6 |  6.0
Unarmed Combat | 2 |  2.6

Action                   |  1- 3 |  4- 6 |  7- 9 | 10-12 | 13-15 || total
-------------------------+-------+-------+-------+-------+-------++-------
Melee: Flail             |   144 |   152 |   573 |   751 |       ||  1620
       Morningstar       |       |       |    97 |       |       ||    97
       Unarmed           |       |       |    15 |       |       ||    15
       Demon whip        |       |       |       |   553 |   842 ||  1395
Invok: Heroism           |       |       |       |    17 |     7 ||    24
       Finesse           |       |       |       |     1 |     5 ||     6
 Abil: Fly               |       |       |       |       |     1 ||     1
Evoke: Wand              |       |       |     3 |     3 |     1 ||     7
  Use: Scroll            |       |       |       |    17 |     3 ||    20
       Potion            |       |       |       |    10 |     4 ||    14
 Stab: Confused          |       |       |       |       |     3 ||     3
  Eat: Chunk             |     1 |    18 |    20 |    28 |    17 ||    84
Armor: Scale mail        |    84 |    76 |   383 |   323 |       ||   866
       Chain mail        |       |       |       |    91 |   185 ||   276
       Skin              |       |       |       |       |     3 ||     3
Dodge: Dodged            |    59 |    37 |   227 |   292 |   134 ||   749
Block: Shield            |    96 |    68 |   395 |   558 |   310 ||  1427
